TOP OF THE 1ST |
Lannister United Lionhearts batting - Pitching for Gurdon Pelicans : LHP Shawn Arnold
|
Pitching: LHP Shawn Arnold
|
|
Batting: RHB Jonathan Widdop
|
0-0: SINGLE (Line Drive, 9S)
|
Batting: RHB Tristan Kuhn
|
0-0: Ball Jonathan Widdop is caught stealing 2nd base 1-0: Swinging Strike 1-1: Foul Ball, location: 2F 1-2: Ball 2-2: Strikes out looking
|
Batting: RHB Thomas Vaughan
|
0-0: Called Strike 0-1: Swinging Strike 0-2: Ball 1-2: Ball 2-2: Foul Ball, location: 2F 2-2: Fly out, F9 (Flyball, 4D)
|
Top of the 1st over - 0 run(s), 1 hit(s), 0 error(s), 0 left on base; Lannister United 0 - Gurdon 0 |
BOTTOM OF THE 1ST |
Gurdon Pelicans batting - Pitching for Lannister United Lionhearts : RHP Ernest Gunter
|
Pitching: RHP Ernest Gunter
|
|
Batting: RHB José Muńóz
|
0-0: Bunt missed! 0-1: Ball 1-1: Ball 2-1: Ball 3-1: Fly out, F6 (Popup, 5DF)
|
Batting: SHB Carlos Kramer
|
0-0: Ball 1-0: Ball 2-0: Foul Ball, location: 2F 2-1: Fly out, F5 (Popup, 5DF)
|
Batting: LHB Jesús Reyes
|
0-0: Foul Ball, location: 2F 0-1: SINGLE (Line Drive, 9S)
|
Batting: RHB Alex Maxwell
|
0-0: Ground out 6-3 (Groundball, 6MS)
|
Bottom of the 1st over - 0 run(s), 1 hit(s), 0 error(s), 1 left on base; Lannister United 0 - Gurdon 0 |
TOP OF THE 2ND |
Lannister United Lionhearts batting - Pitching for Gurdon Pelicans : LHP Shawn Arnold
|
Batting: LHB Miguel Juárez
|
0-0: SINGLE (Line Drive, 4MD)
|
Batting: RHB Michael Hicks
|
0-0: Called Strike 0-1: Foul Ball, location: 2F 0-2: Grounds into double play, 5-4-3 (Groundball, 5)
|
Batting: LHB Alfonso Núńez
|
0-0: SINGLE (Groundball, 34S)
|
Batting: RHB Curt Monroe
|
0-0: Called Strike 0-1: Called Strike 0-2: Strikes out looking
|
Top of the 2nd over - 0 run(s), 2 hit(s), 0 error(s), 1 left on base; Lannister United 0 - Gurdon 0 |
BOTTOM OF THE 2ND |
Gurdon Pelicans batting - Pitching for Lannister United Lionhearts : RHP Ernest Gunter
|
Batting: RHB Riley Howard
|
0-0: Ball 1-0: Called Strike 1-1: DOUBLE (Groundball, 5L)
|
Batting: SHB Lionel Merlet
|
0-0: Ball 1-0: Foul Ball, location: 2F 1-1: Ball 2-1: Fly out, F6 (Popup, 6D)
|
Batting: RHB Bobby Buck
|
0-0: Ball 1-0: Called Strike 1-1: Foul Ball, location: 2F 1-2: Ball 2-2: Foul Ball, location: 2F 2-2: Ball 3-2: Fly out, F9 (Flyball, 9D) Runner from 2nd tags up, SAFE at 3rd, no throw
|
Batting: RHB Tony Hernández
|
0-0: Ball 1-0: Ground out 6-3 (Groundball, 6M)
|
Bottom of the 2nd over - 0 run(s), 1 hit(s), 0 error(s), 1 left on base; Lannister United 0 - Gurdon 0 |
TOP OF THE 3RD |
Lannister United Lionhearts batting - Pitching for Gurdon Pelicans : LHP Shawn Arnold
|
Batting: RHB Cale Beazley
|
0-0: Ball 1-0: Called Strike 1-1: Fly out, F8 (Flyball, 8RM)
|
Batting: RHB Chris Hopkins
|
0-0: Foul Ball, location: 2F 0-1: Called Strike 0-2: SINGLE (Flyball, 7LM)
|
Batting: RHB Jonathan Widdop
|
0-0: Called Strike 0-1: Fielders Choice at 2nd, 4-6 (Groundball, 4)
|
Batting: RHB Tristan Kuhn
|
0-0: SINGLE (Groundball, 25) (infield hit) Jonathan Widdop to second
|
Batting: RHB Thomas Vaughan
|
0-0: Foul Ball, location: 2F 0-1: Ball 1-1: Foul Ball, location: 2F 1-2: Ball 2-2: Ground out 5-3 (Groundball, 5L)
|
Top of the 3rd over - 0 run(s), 2 hit(s), 0 error(s), 2 left on base; Lannister United 0 - Gurdon 0 |
BOTTOM OF THE 3RD |
Gurdon Pelicans batting - Pitching for Lannister United Lionhearts : RHP Ernest Gunter
|
Batting: RHB Morton Kelly
|
0-0: Ball 1-0: Ball 2-0: Ball 3-0: Base on Balls
|
Batting: RHB José Muńóz
|
0-0: Ball Wild Pitch! Morton Kelly to second 1-0: Ball 2-0: Ball 3-0: Swinging Strike 3-1: Foul Ball, location: 2F 3-2: Foul Ball, location: 2F 3-2: Base on Balls
|
Batting: SHB Carlos Kramer
|
0-0: Called Strike 0-1: Swinging Strike 0-2: Ball 1-2: Ball 2-2: Ball 3-2: Strikes out looking
|
Batting: LHB Jesús Reyes
|
0-0: Called Strike 0-1: Ball 1-1: Foul Ball, location: 2F 1-2: Foul Ball, location: 2F 1-2: SINGLE (Groundball, 4M) Morton Kelly to third José Muńóz to second
|
Batting: RHB Alex Maxwell
|
0-0: Called Strike 0-1: Called Strike 0-2: Ball 1-2: Ball 2-2: Strikes out swinging
|
Batting: RHB Riley Howard
|
0-0: Ball 1-0: Called Strike 1-1: Ball 2-1: Called Strike 2-2: SINGLE (Flyball, 8LS) Morton Kelly scores José Muńóz to third Jesús Reyes to second Runner from 3rd tries for Home, SAFE, no throw or cutoff
|
Batting: SHB Lionel Merlet
|
0-0: Foul Ball, location: 2F 0-1: DOUBLE (Flyball, 89M) Jesús Reyes scores Riley Howard to third Runner from 3rd tries for Home, SAFE, no throw or cutoff
|
Batting: RHB Bobby Buck
|
0-0: Ball Wild Pitch! Lionel Merlet to third 1-0: Ball 2-0: Ball 3-0: Called Strike 3-1: Foul Ball, location: 2F 3-2: Fly out, F7 (Flyball, 78M)
|
Bottom of the 3rd over - 4 run(s), 3 hit(s), 0 error(s), 1 left on base; Lannister United 0 - Gurdon 4 |
TOP OF THE 4TH |
Lannister United Lionhearts batting - Pitching for Gurdon Pelicans : LHP Shawn Arnold
|
Batting: LHB Miguel Juárez
|
0-0: Called Strike 0-1: Fly out, F9 (Flyball, 9M)
|
Batting: RHB Michael Hicks
|
0-0: Swinging Strike 0-1: Ball 1-1: Foul Ball, location: 2F 1-2: SOLO HOME RUN (Line Drive, 8LXD), Distance : 431 ft
|
Batting: LHB Alfonso Núńez
|
0-0: Ball 1-0: Ball 2-0: Called Strike 2-1: Foul Ball, location: 2F 2-2: Ground out 4-3 (Groundball, 4M)
|
Batting: RHB Curt Monroe
|
0-0: Ball 1-0: Swinging Strike 1-1: Ball 2-1: Foul Ball, location: 2F 2-2: Strikes out swinging
|
Top of the 4th over - 1 run(s), 1 hit(s), 0 error(s), 0 left on base; Lannister United 1 - Gurdon 4 |
BOTTOM OF THE 4TH |
Gurdon Pelicans batting - Pitching for Lannister United Lionhearts : RHP Ernest Gunter
|
Batting: RHB Tony Hernández
|
0-0: Ball 1-0: Fly out, F8 (Flyball, 8LM)
|
Batting: RHB Morton Kelly
|
0-0: Ball 1-0: SOLO HOME RUN (Flyball, 78XD), Distance : 434 ft
|
Batting: RHB José Muńóz
|
0-0: Called Strike 0-1: Ball 1-1: Foul Ball, location: 2F 1-2: DOUBLE (Line Drive, 78D)
|
Batting: SHB Carlos Kramer
|
0-0: Called Strike 0-1: Ball 1-1: Foul Ball, location: 2F 1-2: Ball 2-2: SINGLE (Line Drive, 56) José Muńóz to third Runner from 3rd tries for Home, SAFE, no throw or cutoff
|
Pitching: RHP Tom Rosas
|
|
Batting: LHB Jesús Reyes
|
0-0: Called Strike 0-1: Foul Ball, location: 2F 0-2: SINGLE (Line Drive, 7LS) Carlos Kramer to second
|
Batting: RHB Alex Maxwell
|
0-0: Ball Carlos Kramer is caught stealing 3rd base Jesús Reyes to second 1-0: Ground out 5-3 (Groundball, 5S)
|
Bottom of the 4th over - 2 run(s), 4 hit(s), 0 error(s), 1 left on base; Lannister United 1 - Gurdon 6 |
TOP OF THE 5TH |
Lannister United Lionhearts batting - Pitching for Gurdon Pelicans : LHP Shawn Arnold
|
Batting: RHB Cale Beazley
|
0-0: Called Strike 0-1: Ball 1-1: Called Strike 1-2: Strikes out swinging
|
Batting: RHB Chris Hopkins
|
0-0: Ball 1-0: Ball 2-0: Foul Ball, location: 2F 2-1: Foul Ball, location: 2F 2-2: Ball 3-2: Foul Ball, location: 2F 3-2: Base on Balls
|
Batting: RHB Jonathan Widdop
|
0-0: Ball 1-0: DOUBLE (Flyball, 9LD) Chris Hopkins to third
|
Batting: RHB Tristan Kuhn
|
0-0: Ball 1-0: Fly out, F4 (Popup, 4D)
|
Batting: RHB Thomas Vaughan
|
0-0: Ball 1-0: Ball 2-0: Called Strike 2-1: Ground out 5-3 (Groundball, 5S)
|
Top of the 5th over - 0 run(s), 1 hit(s), 0 error(s), 2 left on base; Lannister United 1 - Gurdon 6 |
BOTTOM OF THE 5TH |
Gurdon Pelicans batting - Pitching for Lannister United Lionhearts : RHP Tom Rosas
|
Batting: RHB Riley Howard
|
0-0: Ball 1-0: Foul Ball, location: 2F 1-1: Called Strike 1-2: Ball 2-2: Foul Ball, location: 2F 2-2: Ball 3-2: Fly out, F2 (Popup, 25F)
|
Batting: SHB Lionel Merlet
|
0-0: Ball 1-0: Foul Ball, location: 2F 1-1: Fly out, F9 (Flyball, 9M)
|
Batting: RHB Bobby Buck
|
0-0: Ground out 5-3 (Groundball, 56)
|
Bottom of the 5th over - 0 run(s), 0 hit(s), 0 error(s), 0 left on base; Lannister United 1 - Gurdon 6 |
TOP OF THE 6TH |
Lannister United Lionhearts batting - Pitching for Gurdon Pelicans : LHP Shawn Arnold
|
Batting: LHB Miguel Juárez
|
0-0: Ground out 4-3 (Groundball, 4)
|
Batting: RHB Michael Hicks
|
0-0: Foul Ball, location: 2F 0-1: Ball 1-1: Called Strike 1-2: Fly out, F7 (Line Drive, 7M)
|
Batting: LHB Alfonso Núńez
|
0-0: Called Strike 0-1: Ball 1-1: Ball 2-1: Ball 3-1: Ground out 4-3 (Groundball, 4)
|
Top of the 6th over - 0 run(s), 0 hit(s), 0 error(s), 0 left on base; Lannister United 1 - Gurdon 6 |
BOTTOM OF THE 6TH |
Gurdon Pelicans batting - Pitching for Lannister United Lionhearts : RHP Tom Rosas
|
Batting: RHB Tony Hernández
|
0-0: Called Strike 0-1: Fly out, F9 (Popup, 9M)
|
Batting: RHB Morton Kelly
|
0-0: Foul Ball, location: 2F 0-1: Ball 1-1: Foul Ball, location: 2F 1-2: Ground out 4-3 (Groundball, 13)
|
Batting: RHB José Muńóz
|
0-0: Ball 1-0: Ball 2-0: Ball 3-0: Called Strike 3-1: Foul Ball, location: 2F 3-2: Base on Balls
|
Batting: SHB Carlos Kramer
|
0-0: Called Strike José Muńóz steals 2nd base 0-1: Ball 1-1: Foul Ball, location: 2F 1-2: Foul Ball, location: 2F 1-2: Ball Wild Pitch! José Muńóz to third 2-2: Ball 3-2: SINGLE (Groundball, 34D) (infield hit) José Muńóz scores
|
Batting: LHB Jesús Reyes
|
0-0: Swinging Strike 0-1: Ball 1-1: Ball 2-1: Ball 3-1: Swinging Strike 3-2: Base on Balls Carlos Kramer to second
|
Batting: RHB Alex Maxwell
|
0-0: Called Strike 0-1: Ball 1-1: Foul Ball, location: 2F 1-2: Ball 2-2: Strikes out swinging
|
Bottom of the 6th over - 1 run(s), 1 hit(s), 0 error(s), 2 left on base; Lannister United 1 - Gurdon 7 |
TOP OF THE 7TH |
Lannister United Lionhearts batting - Pitching for Gurdon Pelicans : LHP Shawn Arnold
|
Batting: RHB Curt Monroe
|
0-0: Fly out, F8 (Popup, 89S)
|
Batting: RHB Cale Beazley
|
0-0: Called Strike 0-1: Ball 1-1: Fly out, F8 (Flyball, 8LD)
|
Batting: RHB Chris Hopkins
|
0-0: Ball 1-0: Fly out, F8 (Flyball, 8LXD)
|
Top of the 7th over - 0 run(s), 0 hit(s), 0 error(s), 0 left on base; Lannister United 1 - Gurdon 7 |
BOTTOM OF THE 7TH |
Gurdon Pelicans batting - Pitching for Lannister United Lionhearts : RHP Tom Rosas
|
Batting: RHB Riley Howard
|
0-0: TRIPLE (Flyball, 8LXD)
|
Batting: SHB Lionel Merlet
|
0-0: Ball 1-0: SINGLE (Groundball, 34D) Riley Howard scores
|
Batting: RHB Bobby Buck
|
0-0: Called Strike 0-1: Foul Ball, location: 2F 0-2: Ball 1-2: Strikes out looking
|
Batting: RHB Tony Hernández
|
0-0: Called Strike 0-1: Ball 1-1: Ball 2-1: Fly out, F3 (Popup, 3L)
|
Batting: RHB Morton Kelly
|
0-0: Ball 1-0: Ball Lionel Merlet steals 2nd base 2-0: Ground out 5-3 (Groundball, 5)
|
Bottom of the 7th over - 1 run(s), 2 hit(s), 0 error(s), 1 left on base; Lannister United 1 - Gurdon 8 |
TOP OF THE 8TH |
Lannister United Lionhearts batting - Pitching for Gurdon Pelicans : LHP Shawn Arnold
|
Batting: RHB Jonathan Widdop
|
0-0: Fly out, F8 (Flyball, 8RS)
|
Batting: RHB Tristan Kuhn
|
0-0: Called Strike 0-1: Swinging Strike 0-2: Ball 1-2: Ball 2-2: Fly out, F8 (Flyball, 8LM)
|
Batting: RHB Thomas Vaughan
|
0-0: Called Strike 0-1: Swinging Strike 0-2: Foul Ball, location: 2F 0-2: Ball 1-2: Ball 2-2: SINGLE (Line Drive, 78M)
|
Batting: LHB Miguel Juárez
|
0-0: Ball 1-0: Foul Ball, location: 2F 1-1: SINGLE (Groundball, 4MD) Thomas Vaughan to second Runner from 2nd tries for 3rd, SAFE, throw made to third
|
Batting: RHB Michael Hicks
|
0-0: Swinging Strike 0-1: Foul Ball, location: 2F 0-2: Foul Ball, location: 2F 0-2: Ball 1-2: Foul Ball, location: 2F 1-2: Strikes out swinging
|
Top of the 8th over - 0 run(s), 2 hit(s), 0 error(s), 2 left on base; Lannister United 1 - Gurdon 8 |
BOTTOM OF THE 8TH |
Gurdon Pelicans batting - Pitching for Lannister United Lionhearts : RHP Tom Rosas
|
Pitching: RHP Jeffrey Chase
|
|
Batting: RHB José Muńóz
|
0-0: Foul Ball, location: 2F 0-1: Foul Ball, location: 2F 0-2: Ball 1-2: SINGLE (Groundball, 6MD)
|
Batting: SHB Carlos Kramer
|
0-0: Ball José Muńóz steals 2nd base 1-0: Called Strike 1-1: Ball 2-1: Fly out, F7 (Line Drive, 7LS)
|
Batting: LHB Jesús Reyes
|
0-0: Ball 1-0: Ball 2-0: Ball 3-0: Swinging Strike 3-1: Called Strike 3-2: Fly out, F8 (Flyball, 8LM) Runner from 2nd tags up, SAFE at 3rd with throw
|
Batting: RHB Alex Maxwell
|
0-0: Called Strike 0-1: Ball 1-1: Ball 2-1: Called Strike 2-2: Foul Ball, location: 2F 2-2: Ball 3-2: Foul Ball, location: 2F 3-2: Strikes out swinging
|
Bottom of the 8th over - 0 run(s), 1 hit(s), 0 error(s), 1 left on base; Lannister United 1 - Gurdon 8 |
TOP OF THE 9TH |
Lannister United Lionhearts batting - Pitching for Gurdon Pelicans : LHP Shawn Arnold
|
Batting: LHB Alfonso Núńez
|
0-0: Ball 1-0: Swinging Strike 1-1: Foul Ball, location: 2F 1-2: Foul Ball, location: 2F 1-2: Ball 2-2: Fly out, F8 (Flyball, 78M)
|
Batting: RHB Curt Monroe
|
0-0: Bunt missed! 0-1: Foul Ball, location: 2F 0-2: Ball 1-2: Foul Ball, location: 2F 1-2: Ball 2-2: Ball 3-2: Foul Ball, location: 2F 3-2: Strikes out swinging
|
Batting: RHB Cale Beazley
|
0-0: Called Strike 0-1: Called Strike 0-2: SINGLE (Line Drive, 89S)
|
Pitching: RHP Karl Pratt
|
|
Batting: RHB Chris Hopkins
|
0-0: Called Strike 0-1: SINGLE (Groundball, 6MD) (infield hit) Cale Beazley to second
|
Batting: RHB Jonathan Widdop
|
0-0: Ball 1-0: Called Strike 1-1: Ball 2-1: Foul Ball, location: 2F 2-2: Foul Ball, location: 2F 2-2: Ball 3-2: Base on Balls Cale Beazley to third Chris Hopkins to second
|
Batting: RHB Tristan Kuhn
|
0-0: Ground out 5-3 (Groundball, 5)
|
Top of the 9th over - 0 run(s), 2 hit(s), 0 error(s), 3 left on base; Lannister United 1 - Gurdon 8 |
|